TOP OF THE 1ST |
Bakersfield Bears batting - Pitching for Reno Silver Sox : LHP John Bohnet
|
Pitching: LHP John Bohnet
|
|
Batting: RHB Jack Lopez
|
0-0: Swinging Strike 0-1: Foul Ball, location: 2F 0-2: Foul Ball, location: 2F 0-2: Ball 1-2: Strikes out swinging
|
Batting: RHB Antonio Alicea
|
0-0: Called Strike 0-1: Foul Ball, location: 2F 0-2: Foul Ball, location: 2F 0-2: Ball 1-2: Foul Ball, location: 2F 1-2: Fly out, F5 (Line Drive, 5, EV 64.4 MPH)
|
Batting: LHB Gregory DeLaune
|
0-0: Fly out, F9 (Flyball, 9, EV 93.1 MPH)
|
Top of the 1st over - 0 runs, 0 hits, 0 errors, 0 left on base; Bakersfield 0 - Reno 0 |
BOTTOM OF THE 1ST |
Reno Silver Sox batting - Pitching for Bakersfield Bears : RHP Pablo Gastelum
|
Pitching: RHP Pablo Gastelum
|
|
Batting: RHB Lemmie Miller
|
0-0: Ball 1-0: Ball 2-0: Fly out, F8 (Flyball, 89D, EV 100.6 MPH)
|
Batting: RHB Rod Hobbs
|
0-0: TRIPLE (Flyball, 8LXD, EV 90.6 MPH)
|
Batting: LHB Victor Diaz
|
0-0: Swinging Strike 0-1: Ground out U3 (Groundball, 3, EV 88.1 MPH)
|
Batting: LHB Mike Hocutt
|
0-0: Foul Ball, location: 2F 0-1: Called Strike 0-2: Ball 1-2: Foul Ball, location: 2F 1-2: Foul Ball, location: 2F 1-2: SINGLE (Groundball, 56D, EV 98.8 MPH) Rod Hobbs scores
|
Batting: RHB Luis Cabanas
|
0-0: Called Strike 0-1: Ball 1-1: Fly out, F8 (Flyball, 89M, EV 90.6 MPH)
|
Bottom of the 1st over - 1 run, 2 hits, 0 errors, 1 left on base; Bakersfield 0 - Reno 1 |
TOP OF THE 2ND |
Bakersfield Bears batting - Pitching for Reno Silver Sox : LHP John Bohnet
|
Batting: RHB Randy Kutcher
|
0-0: Swinging Strike 0-1: Called Strike 0-2: Ball 1-2: Strikes out swinging
|
Batting: LHB Sal Rende
|
0-0: Called Strike 0-1: Foul Ball, location: 2F 0-2: Ball 1-2: Ground out U3 (Groundball, 3S, EV 78.1 MPH)
|
Batting: RHB Steven Houlberg
|
0-0: Swinging Strike 0-1: Ball 1-1: Called Strike 1-2: Ball 2-2: Ball 3-2: Strikes out swinging
|
Top of the 2nd over - 0 runs, 0 hits, 0 errors, 0 left on base; Bakersfield 0 - Reno 1 |
BOTTOM OF THE 2ND |
Reno Silver Sox batting - Pitching for Bakersfield Bears : RHP Pablo Gastelum
|
Batting: RHB Bill Crone
|
0-0: Ball 1-0: Ball 2-0: Called Strike 2-1: Ground out 6-3 (Groundball, 6, EV 109.4 MPH)
|
Batting: LHB Kevin Rigby
|
0-0: Ball 1-0: SINGLE (Line Drive, 78S, EV 96.3 MPH)
|
Batting: RHB Emilio Perez
|
0-0: Foul Ball, location: 2F 0-1: Ball 1-1: Ball 2-1: Called Strike 2-2: Ball 3-2: Fly out, F8 (Flyball, 8RS, EV 83.8 MPH)
|
Batting: RHB Jesus Tiamo
|
0-0: Swinging Strike 0-1: Called Strike 0-2: Strikes out swinging
|
Bottom of the 2nd over - 0 runs, 1 hit, 0 errors, 1 left on base; Bakersfield 0 - Reno 1 |
TOP OF THE 3RD |
Bakersfield Bears batting - Pitching for Reno Silver Sox : LHP John Bohnet
|
Batting: RHB Aaron Cain
|
0-0: Called Strike 0-1: Ball 1-1: Swinging Strike 1-2: Foul Ball, location: 2F 1-2: Ball 2-2: Strikes out swinging
|
Batting: LHB Kevin Waller
|
0-0: Called Strike 0-1: Foul Ball, location: 2F 0-2: Strikes out swinging
|
Batting: LHB Danny Hernandez
|
0-0: Called Strike 0-1: Ball 1-1: Ball 2-1: Ground out 1-3 (Groundball, 15S, EV 70.0 MPH)
|
Top of the 3rd over - 0 runs, 0 hits, 0 errors, 0 left on base; Bakersfield 0 - Reno 1 |
BOTTOM OF THE 3RD |
Reno Silver Sox batting - Pitching for Bakersfield Bears : RHP Pablo Gastelum
|
Batting: RHB Lemmie Miller
|
0-0: Ball 1-0: Swinging Strike 1-1: Foul Ball, location: 2F 1-2: Ball 2-2: Ground out 5-3 (Groundball, 56, EV 97.5 MPH)
|
Batting: RHB Rod Hobbs
|
0-0: Called Strike 0-1: Ball 1-1: Foul Ball, location: 2F 1-2: Foul Ball, location: 2F 1-2: Ground out 6-3 (Groundball, 6, EV 82.5 MPH)
|
Batting: LHB Victor Diaz
|
0-0: Ball 1-0: Ball 2-0: Ball 3-0: Foul Ball, location: 2F 3-1: Foul Ball, location: 2F 3-2: Base on Balls
|
Batting: LHB Mike Hocutt
|
0-0: DOUBLE (Flyball, 78XD, EV 96.9 MPH) Victor Diaz to third Runner from 3rd tries for Home, SAFE, throw by CF to home
|
Batting: RHB Luis Cabanas
|
0-0: Called Strike 0-1: Ground out U3 (Groundball, 3S, EV 90.6 MPH)
|
Bottom of the 3rd over - 1 run, 1 hit, 0 errors, 1 left on base; Bakersfield 0 - Reno 2 |
TOP OF THE 4TH |
Bakersfield Bears batting - Pitching for Reno Silver Sox : LHP John Bohnet
|
Batting: RHB Jack Lopez
|
0-0: Ball 1-0: Ball 2-0: Ball 3-0: Base on Balls
|
Batting: RHB Antonio Alicea
|
0-0: Ball 1-0: Foul Ball, location: 2F 1-1: Fielders Choice at 2nd, 3-6 (Groundball, 3, EV 83.8 MPH)
|
Batting: LHB Gregory DeLaune
|
0-0: Ball 1-0: Swinging Strike 1-1: Foul Ball, location: 2F 1-2: Ball 2-2: Ball 3-2: Base on Balls Antonio Alicea to second
|
Batting: RHB Randy Kutcher
|
0-0: Foul Ball, location: 2F 0-1: Reached on error, E3 (Groundball, 3, EV 78.8 MPH) Antonio Alicea to third Gregory DeLaune to second
|
Batting: LHB Sal Rende
|
0-0: Called Strike 0-1: Fly out, F8 (Flyball, 78M, EV 95.0 MPH) Runner from 3rd tags up, SCORES, throw by CF Gregory DeLaune to third
|
Batting: RHB Steven Houlberg
|
0-0: Ball 1-0: SINGLE (Line Drive, 56D, EV 100.0 MPH) Gregory DeLaune scores Randy Kutcher to second
|
Batting: RHB Aaron Cain
|
0-0: Swinging Strike 0-1: Swinging Strike 0-2: Fly out, F9 (Line Drive, 9, EV 90.0 MPH)
|
Top of the 4th over - 2 runs, 1 hit, 1 error, 2 left on base; Bakersfield 2 - Reno 2 |
BOTTOM OF THE 4TH |
Reno Silver Sox batting - Pitching for Bakersfield Bears : RHP Pablo Gastelum
|
Batting: RHB Bill Crone
|
0-0: Swinging Strike 0-1: Ball 1-1: SINGLE (Flyball, 89S, EV 88.8 MPH)
|
Batting: LHB Kevin Rigby
|
0-0: SINGLE (Groundball, 56D, EV 107.5 MPH) Bill Crone to second
|
Batting: RHB Emilio Perez
|
0-0: Ball 1-0: Called Strike 1-1: SINGLE (Groundball, 6M, EV 84.4 MPH) (infield hit) Bill Crone to third Kevin Rigby to second
|
Batting: RHB Jesus Tiamo
|
0-0: Foul Ball, location: 2F 0-1: Ball 1-1: SINGLE (Groundball, 34D, EV 98.8 MPH) Bill Crone scores Kevin Rigby to third Emilio Perez to second Runner from 3rd tries for Home, SAFE, throw by RF to home
|
Batting: RHB Lemmie Miller
|
0-0: Fly out, F9 (Flyball, 9, EV 90.0 MPH)
|
Batting: RHB Rod Hobbs
|
0-0: Foul Ball, location: 2F 0-1: Grounds into double play, 4-6-3 (Groundball, 4, EV 105.6 MPH)
|
Bottom of the 4th over - 2 runs, 4 hits, 0 errors, 1 left on base; Bakersfield 2 - Reno 4 |
TOP OF THE 5TH |
Bakersfield Bears batting - Pitching for Reno Silver Sox : LHP John Bohnet
|
Batting: LHB Kevin Waller
|
0-0: Foul Ball, location: 2F 0-1: Ball 1-1: Fly out, F8 (Line Drive, 8LD, EV 96.3 MPH)
|
Batting: LHB Danny Hernandez
|
0-0: Swinging Strike 0-1: Ball 1-1: Called Strike 1-2: Ball 2-2: Strikes out looking
|
Batting: RHB Jack Lopez
|
0-0: Called Strike 0-1: Foul Ball, location: 2F 0-2: Ball 1-2: Foul Ball, location: 3F, Error on foul ball, E3 1-2: Ball 2-2: Ball 3-2: Base on Balls
|
Batting: RHB Antonio Alicea
|
0-0: Ball Jack Lopez steals 2nd base 1-0: Foul Ball, location: 2F 1-1: Fly out, F8 (Flyball, 8RM, EV 85.0 MPH)
|
Top of the 5th over - 0 runs, 0 hits, 1 error, 1 left on base; Bakersfield 2 - Reno 4 |
BOTTOM OF THE 5TH |
Reno Silver Sox batting - Pitching for Bakersfield Bears : RHP Pablo Gastelum
|
Batting: LHB Victor Diaz
|
0-0: Fly out, F3 (Popup, 3S, EV 70.6 MPH)
|
Batting: LHB Mike Hocutt
|
0-0: Ball 1-0: Ball 2-0: Ball 3-0: Called Strike 3-1: Called Strike 3-2: Fly out, F7 (Line Drive, 7S, EV 92.5 MPH)
|
Batting: RHB Luis Cabanas
|
0-0: Called Strike 0-1: Called Strike 0-2: Ball 1-2: Foul Ball, location: 2F 1-2: Fly out, F9 (Line Drive, 9, EV 106.9 MPH)
|
Bottom of the 5th over - 0 runs, 0 hits, 0 errors, 0 left on base; Bakersfield 2 - Reno 4 |
TOP OF THE 6TH |
Bakersfield Bears batting - Pitching for Reno Silver Sox : LHP John Bohnet
|
Batting: LHB Gregory DeLaune
|
0-0: Foul Ball, location: 2F 0-1: Foul Ball, location: 2F 0-2: Foul Ball, location: 2F 0-2: Ball 1-2: Ball 2-2: Strikes out swinging
|
Batting: RHB Randy Kutcher
|
0-0: Called Strike 0-1: Ball 1-1: Ground out 5-3 (Groundball, 56S, EV 70.0 MPH)
|
Batting: LHB Sal Rende
|
0-0: Called Strike 0-1: Ball 1-1: Ball 2-1: Ball 3-1: Foul Ball, location: 2F 3-2: SINGLE (Flyball, 78S, EV 94.4 MPH)
|
Batting: RHB Steven Houlberg
|
0-0: Ball 1-0: Called Strike 1-1: Ball Sal Rende is caught stealing 2nd base 2-4
|
Top of the 6th over - 0 runs, 1 hit, 0 errors, 0 left on base; Bakersfield 2 - Reno 4 |
BOTTOM OF THE 6TH |
Reno Silver Sox batting - Pitching for Bakersfield Bears : RHP Pablo Gastelum
|
Batting: RHB Bill Crone
|
0-0: Ball 1-0: SINGLE (Line Drive, 5L, EV 95.0 MPH)
|
Batting: LHB Kevin Rigby
|
0-0: Ball 1-0: Ball 2-0: Fly out, F8 (Flyball, 8RM, EV 82.5 MPH)
|
Batting: RHB Emilio Perez
|
0-0: Called Strike 0-1: Ball 1-1: Foul Ball, location: 2F 1-2: Foul Ball, location: 2F 1-2: Ball 2-2: Fielders Choice at 2nd, 6-4 (Groundball, 6D, EV 88.8 MPH)
|
Batting: RHB Jesus Tiamo
|
0-0: Ground out 4-3 (Groundball, 4, EV 106.3 MPH)
|
Bottom of the 6th over - 0 runs, 1 hit, 0 errors, 1 left on base; Bakersfield 2 - Reno 4 |
TOP OF THE 7TH |
Bakersfield Bears batting - Pitching for Reno Silver Sox : LHP John Bohnet
|
Batting: RHB Steven Houlberg
|
0-0: Ball 1-0: Foul Ball, location: 2F 1-1: Swinging Strike 1-2: Ball 2-2: Reached on error, E6 (Groundball, 6, EV 101.9 MPH)
|
Batting: RHB Aaron Cain
|
0-0: Called Strike 0-1: Ball 1-1: SINGLE (Line Drive, 89M, EV 101.3 MPH) Steven Houlberg to third
|
Batting: LHB Kevin Waller
|
0-0: Ball 1-0: SINGLE (Line Drive, 78M, EV 93.1 MPH) Steven Houlberg scores Aaron Cain to second
|
Batting: LHB Danny Hernandez
|
0-0: Bunt missed! 0-1: Ball 1-1: Bunted foul 1-2: Ball 2-2: Fly out, F7 (Line Drive, 7D, EV 105.0 MPH)
|
Batting: RHB Jack Lopez
|
0-0: Foul Ball, location: 2F 0-1: Foul Ball, location: 2F 0-2: Fly out, F9 (Flyball, 9LM, EV 88.1 MPH)
|
Batting: RHB Antonio Alicea
|
0-0: Swinging Strike 0-1: Ball 1-1: Ball 2-1: Foul Ball, location: 2F 2-2: Ball 3-2: Fly out, F8 (Flyball, 8LM, EV 83.1 MPH)
|
Top of the 7th over - 1 run, 2 hits, 1 error, 2 left on base; Bakersfield 3 - Reno 4 |
BOTTOM OF THE 7TH |
Reno Silver Sox batting - Pitching for Bakersfield Bears : RHP Pablo Gastelum
|
Batting: RHB Lemmie Miller
|
0-0: Ball 1-0: Ball 2-0: Ground out 6-3 (Groundball, 6, EV 79.4 MPH)
|
Batting: RHB Rod Hobbs
|
0-0: Fly out, F3 (Popup, 3SF, EV 85.0 MPH)
|
Batting: LHB Victor Diaz
|
0-0: Ball 1-0: Ball 2-0: Foul Ball, location: 2F 2-1: DOUBLE (Flyball, 89D, EV 106.9 MPH)
|
Batting: LHB Mike Hocutt
|
0-0: Ball 1-0: Called Strike 1-1: Ground out 4-3 (Groundball, 4M, EV 81.3 MPH)
|
Bottom of the 7th over - 0 runs, 1 hit, 0 errors, 1 left on base; Bakersfield 3 - Reno 4 |
TOP OF THE 8TH |
Bakersfield Bears batting - Pitching for Reno Silver Sox : LHP John Bohnet
|
Batting: LHB Gregory DeLaune
|
0-0: Fly out, F6 (Popup, 6, EV 83.1 MPH)
|
Batting: RHB Randy Kutcher
|
0-0: Ball 1-0: Ground out 4-3 (Groundball, 4S, EV 81.3 MPH)
|
Batting: LHB Sal Rende
|
0-0: Foul Ball, location: 2F 0-1: Foul Ball, location: 2F 0-2: SINGLE (Line Drive, 89M, EV 93.8 MPH)
|
Batting: RHB Steven Houlberg
|
0-0: Called Strike 0-1: Ball 1-1: Foul Ball, location: 2F 1-2: Strikes out swinging
|
Top of the 8th over - 0 runs, 1 hit, 0 errors, 1 left on base; Bakersfield 3 - Reno 4 |
BOTTOM OF THE 8TH |
Reno Silver Sox batting - Pitching for Bakersfield Bears : RHP Pablo Gastelum
|
Batting: RHB Luis Cabanas
|
0-0: Called Strike 0-1: SINGLE (Groundball, 34D, EV 100.0 MPH)
|
Batting: RHB Bill Crone
|
0-0: Bunt missed! 0-1: Sac Bunt to 3S - play at first, batter OUT! 3-4 Luis Cabanas to second
|
Batting: LHB Kevin Rigby
|
0-0: Intentional Walk
|
Batting: RHB Emilio Perez
|
0-0: Called Strike 0-1: Fielders Choice at 2nd, 6-4 (Groundball, 6, EV 87.5 MPH) Luis Cabanas to third
|
Batting: RHB Jesus Tiamo
|
0-0: Foul Ball, location: 2F 0-1: Fly out, F8 (Line Drive, 8LD, EV 98.1 MPH)
|
Bottom of the 8th over - 0 runs, 1 hit, 0 errors, 2 left on base; Bakersfield 3 - Reno 4 |
TOP OF THE 9TH |
Bakersfield Bears batting - Pitching for Reno Silver Sox : LHP John Bohnet
|
Pitching: RHP Steve Eddy
|
|
Batting: RHB Aaron Cain
|
0-0: SINGLE (Groundball, 6MD, EV 101.3 MPH)
|
Batting: LHB Kevin Waller
|
0-0: Ball 1-0: Swinging Strike 1-1: Foul Ball, location: 2F 1-2: Foul Ball, location: 2F 1-2: Fly out, F4 (Flyball, 3D, EV 92.5 MPH)
|
Batting: LHB Danny Hernandez
|
0-0: Ball 1-0: Foul Ball, location: 2F 1-1: Called Strike 1-2: Ball 2-2: Ball 3-2: Base on Balls Aaron Cain to second
|
Batting: RHB Jack Lopez
|
0-0: Ball 1-0: Called Strike 1-1: Fielders Choice at 2nd, 6-4 (Groundball, 6, EV 82.5 MPH) Aaron Cain to third
|
Batting: RHB Antonio Alicea
|
0-0: Ball 1-0: Ball 2-0: Foul Ball, location: 2F 2-1: Swinging Strike 2-2: Ball 3-2: SINGLE (Groundball, 34D, EV 105.0 MPH) Aaron Cain scores Jack Lopez to second Jack Lopez to third
|
Batting: LHB Gregory DeLaune
|
0-0: Swinging Strike 0-1: Ball 1-1: Ball 2-1: Ball 3-1: Base on Balls Antonio Alicea to second
|
Pitching: LHP Mike Thompson
|
|
Batting: RHB Randy Kutcher
|
0-0: Called Strike 0-1: Foul Ball, location: 2F 0-2: Foul Ball, location: 2F 0-2: Foul Ball, location: 2F 0-2: Ball 1-2: Ball 2-2: Ball 3-2: Foul Ball, location: 2F 3-2: Ground out 5-3 (Groundball, 6S, EV 83.1 MPH)
|
Top of the 9th over - 1 run, 2 hits, 0 errors, 3 left on base; Bakersfield 4 - Reno 4 |
BOTTOM OF THE 9TH |
Reno Silver Sox batting - Pitching for Bakersfield Bears : RHP Pablo Gastelum
|
Batting: RHB Lemmie Miller
|
0-0: Fly out, F8 (Line Drive, 8LM, EV 90.0 MPH)
|
Batting: RHB Rod Hobbs
|
0-0: Called Strike 0-1: Called Strike 0-2: Ball 1-2: Foul Ball, location: 2F 1-2: Ball 2-2: SINGLE (Line Drive, 7S, EV 86.9 MPH)
|
Batting: LHB Victor Diaz
|
0-0: Ball 1-0: Called Strike 1-1: Foul Ball, location: 2F 1-2: Fielders Choice at 2nd, 3-6 (Groundball, 3, EV 103.8 MPH)
|
Batting: LHB Mike Hocutt
|
0-0: Ball 1-0: Foul Ball, location: 2F 1-1: Foul Ball, location: 2F 1-2: Ball 2-2: Strikes out swinging
|
Bottom of the 9th over - 0 runs, 1 hit, 0 errors, 1 left on base; Bakersfield 4 - Reno 4 |
TOP OF THE 10TH |
Bakersfield Bears batting - Pitching for Reno Silver Sox : LHP Mike Thompson
|
Pinch Hitting: RHB Preston Williams
|
0-0: Called Strike 0-1: Ball 1-1: Ball 2-1: Called Strike 2-2: Ground out U3 (Groundball, 34, EV 103.8 MPH)
|
Batting: RHB Steven Houlberg
|
0-0: Called Strike 0-1: Ball 1-1: Called Strike 1-2: Strikes out swinging
|
Batting: RHB Aaron Cain
|
0-0: Fly out, F9 (Flyball, 9D, EV 93.1 MPH)
|
Top of the 10th over - 0 runs, 0 hits, 0 errors, 0 left on base; Bakersfield 4 - Reno 4 |
BOTTOM OF THE 10TH |
Reno Silver Sox batting - Pitching for Bakersfield Bears : RHP Pablo Gastelum
|
Pitching: RHP Marc Campbell
|
|
Now at 1B: Preston Williams
|
|
Batting: RHB Luis Cabanas
|
0-0: Swinging Strike 0-1: Ball 1-1: Swinging Strike 1-2: Ball 2-2: Foul Ball, location: 2F 2-2: Strikes out looking
|
Batting: RHB Bill Crone
|
0-0: Ball 1-0: Fly out, F6 (Flyball, 56D, EV 89.4 MPH)
|
Batting: LHB Kevin Rigby
|
0-0: Ball 1-0: Called Strike 1-1: DOUBLE (Line Drive, 5D, EV 99.4 MPH)
|
Batting: RHB Emilio Perez
|
0-0: Called Strike 0-1: Foul Ball, location: 2F 0-2: Fly out, F8 (Line Drive, 8LM, EV 100.0 MPH)
|
Bottom of the 10th over - 0 runs, 1 hit, 0 errors, 1 left on base; Bakersfield 4 - Reno 4 |
TOP OF THE 11TH |
Bakersfield Bears batting - Pitching for Reno Silver Sox : LHP Mike Thompson
|
Batting: LHB Kevin Waller
|
0-0: Fly out, F7 (Flyball, 7, EV 84.4 MPH)
|
Pinch Hitting: RHB Jeff Rudolph
|
0-0: Called Strike 0-1: Swinging Strike 0-2: Foul Ball, location: 2F 0-2: Fly out, F2 (Popup, 2LF, EV 88.8 MPH)
|
Batting: RHB Jack Lopez
|
0-0: Called Strike 0-1: Ball 1-1: Ball 2-1: Foul Ball, location: 2F 2-2: Ball 3-2: Foul Ball, location: 2F 3-2: Foul Ball, location: 2F 3-2: Foul Ball, location: 2F 3-2: Foul Ball, location: 2F 3-2: Ground out 5-3 (Groundball, 56S, EV 86.9 MPH)
|
Top of the 11th over - 0 runs, 0 hits, 0 errors, 0 left on base; Bakersfield 4 - Reno 4 |
BOTTOM OF THE 11TH |
Reno Silver Sox batting - Pitching for Bakersfield Bears : RHP Marc Campbell
|
Now at C: Jeff Rudolph
|
|
Pinch Hitting: RHB Eddie Brunson
|
0-0: Called Strike 0-1: Ground out 4-3 (Groundball, 4, EV 88.8 MPH)
|
Batting: RHB Lemmie Miller
|
0-0: Ball 1-0: Called Strike 1-1: Foul Ball, location: 2F 1-2: SINGLE (Groundball, 4D, EV 107.5 MPH)
|
Batting: RHB Rod Hobbs
|
0-0: Fielders Choice at 2nd, 4-6 (Groundball, 4, EV 83.1 MPH)
|
Batting: LHB Victor Diaz
|
0-0: Ball 1-0: Called Strike 1-1: Ball 2-1: Ball 3-1: Reached on error, E3 (Groundball, 34, EV 84.4 MPH) Rod Hobbs to second
|
Batting: LHB Mike Hocutt
|
0-0: Ball 1-0: Called Strike 1-1: Swinging Strike 1-2: Fly out, F7 (Flyball, 78S, EV 80.0 MPH)
|
Bottom of the 11th over - 0 runs, 1 hit, 1 error, 2 left on base; Bakersfield 4 - Reno 4 |
TOP OF THE 12TH |
Bakersfield Bears batting - Pitching for Reno Silver Sox : LHP Mike Thompson
|
Now at C: Gregory Shirley
|
|
Batting: RHB Antonio Alicea
|
0-0: Ball 1-0: DOUBLE (Line Drive, 78D, EV 106.9 MPH)
|
Pinch Hitting: RHB Trey Brooks
|
0-0: Foul Ball, location: 2F 0-1: Foul Ball, location: 2F 0-2: Ball 1-2: Ball 2-2: Fly out, F8 (Flyball, 8RM, EV 91.3 MPH)
|
Batting: RHB Randy Kutcher
|
0-0: Called Strike 0-1: Called Strike 0-2: Ground out 5-3 (Groundball, 56, EV 89.4 MPH)
|
Batting: RHB Preston Williams
|
0-0: Ball 1-0: Called Strike 1-1: Called Strike 1-2: Foul Ball, location: 2F 1-2: Ball 2-2: DOUBLE (Line Drive, 89XD, EV 105.6 MPH) Antonio Alicea scores
|
Pitching: RHP Bob Bastian
|
|
Batting: RHB Steven Houlberg
|
0-0: Ball 1-0: Ground out 5-3 (Groundball, 56, EV 80.0 MPH)
|
Top of the 12th over - 1 run, 2 hits, 0 errors, 1 left on base; Bakersfield 5 - Reno 4 |
BOTTOM OF THE 12TH |
Reno Silver Sox batting - Pitching for Bakersfield Bears : RHP Marc Campbell
|
Pitching: RHP Gary Ezell
|
|
Now in CF: Jeffrey Coker
|
|
Batting: RHB Luis Cabanas
|
0-0: Ball 1-0: Foul Ball, location: 2F 1-1: Called Strike 1-2: Ball 2-2: Strikes out looking
|
Batting: RHB Bill Crone
|
0-0: Foul Ball, location: 2F 0-1: Ball 1-1: SINGLE (Groundball, 6D, EV 95.0 MPH)
|
Batting: LHB Kevin Rigby
|
0-0: Called Strike 0-1: Called Strike 0-2: Ball 1-2: Ball 2-2: Strikes out swinging
|
Batting: RHB Emilio Perez
|
0-0: Called Strike 0-1: Foul Ball, location: 2F 0-2: Hit by Pitch Bill Crone to second
|
Batting: LHB Gregory Shirley
|
0-0: Called Strike 0-1: Fly out, F8 (Flyball, 8LM, EV 90.0 MPH)
|
Bottom of the 12th over - 0 runs, 1 hit, 0 errors, 2 left on base; Bakersfield 5 - Reno 4 |
|